 Dungeon Crawl Stone Soup version 0.25-a0-1036-g6f112fb28d (webtiles) character file.

Game seed: 15951237194307092948, levelgen mode: deterministic

79590 DerDa the Frost Mage (level 15, -1/113 HPs)
             Began as a Merfolk Ice Elementalist on May 13, 2020.
             Was a High Priest of Sif Muna.
             Killed by divine providence
             ... invoked by a meliai
              (13 damage)
             ... on level 14 of the Dungeon.
             The game lasted 01:48:09 (35922 turns).

DerDa the Frost Mage (Merfolk Ice Elementalist)    Turns: 35922, Time: 01:48:16

Health: -1/113     AC: 10    Str: 17    XL:     15   Next: 64%
Magic:  37/39      EV: 21    Int: 22    God:    Sif Muna [*****.]
Gold:   598        SH:  5    Dex: 16    Spells: 9/37 levels left

rFire    . . .     SeeInvis +   W - +2 demon trident of Abuse {pain, SInv}
rCold    . . .     Gourm    +   j - +0 buckler
rNeg     . . .     Faith    .   R - +2 robe
rPois    .         Spirit   .   z - +0 hat "Qootos" {*Drain Str+9 Dex+2 Slay+3}
rElec    .         Reflect  .   s - +2 cloak
rCorr    .         Harm     .   V - +0 pair of gloves
MR       +....                  o - +1 pair of boots
Stlth    ++........             L - amulet of the gourmand
HPRegen  0.28/turn              u - ring of magical power
MPRegen  0.26/turn              y - ring of wizardry

@: lethally poisoned (-1 -> -5), frozen ramparts, invisible
A: change form in water, swift swim, stealthy swim
a: Channel Magic, Forget Spell, Divine Exegesis, Renounce Religion


You were on level 14 of the Dungeon.
You worshipped Sif Muna.
Sif Muna was extremely pleased with you.
You were completely stuffed.

You visited 4 branches of the dungeon, and saw 23 of its levels.

You collected 2271 gold pieces.
You spent 1673 gold pieces at shops.

Inventory:

Hand Weapons
 b - the +8 whip "Snakebite" {curare, rPois}
   (You found it on level 1 of the Lair of Beasts)

   It poisons the flesh of those it strikes.
   It protects you from poison.
 W - the +2 demon trident of Abuse (weapon) {pain, SInv}
   (You bought it in a shop on level 9 of the Dungeon)

   In the hands of one skilled in necromantic magic, it inflicts extra damage on
   living creatures.
   It lets you see invisible.
Missiles
 A - 67 poisoned darts (quivered)
Armour
 j - a +0 buckler (worn)
 o - a +1 pair of boots (worn)
 s - a +2 cloak (worn)
 z - the +0 hat "Qootos" (worn) {*Drain Str+9 Dex+2 Slay+3}
   (You acquired it on level 13 of the Dungeon)

   It affects your strength (+9).
   It affects your dexterity (+2).
   It affects your accuracy and damage with ranged weapons and melee attacks
   (+3).
   It causes draining when unequipped.
 R - a +2 robe (worn)
 T - a +0 troll leather armour
 V - a +0 pair of gloves (worn)
Magical Staves
 G - an uncursed staff of cold
Jewellery
 h - an uncursed ring of fire
 u - a ring of magical power (left hand)
 w - an uncursed ring of flight
 y - a ring of wizardry (right hand)
 B - an uncursed ring of see invisible
 D - an uncursed ring of ice
 L - an amulet of the gourmand (around neck)
Wands
 i - a wand of flame (64)
 F - a wand of enslavement (7)
 P - a wand of disintegration (17)
 U - a wand of iceblast (14)
 Z - a wand of polymorph (8)
Scrolls
 f - 10 scrolls of identify
 g - 3 scrolls of enchant weapon
 k - 7 scrolls of teleportation
 l - 2 scrolls of fog
 m - a scroll of fear
 q - 8 scrolls of remove curse
 x - 5 scrolls of magic mapping
 H - a scroll of enchant armour
 M - 2 scrolls of holy word
Potions
 a - 3 potions of heal wounds
 d - a potion of mutation
 e - a potion of resistance
 n - 4 potions of curing
 r - a potion of might
 t - a potion of ambrosia
 v - 3 potions of magic
 I - a potion of brilliance
 J - a potion of berserk rage
 N - a potion of cancellation
 S - 4 potions of stabbing
 X - a potion of haste
Miscellaneous
 K - a phial of floods
Comestibles
 c - 44 rations
 p - 6 chunks of flesh


   Skills:
 + Level 9.2 Fighting
 + Level 10.6 Polearms
 + Level 11.8 Dodging
 - Level 2.1 Stealth
 - Level 4.0 Shields
 * Level 11.6 Spellcasting
 * Level 10.2 Conjurations
 * Level 13.9 Ice Magic
 + Level 9.4 Invocations
 + Level 3.5 Evocations


You had 9 spell levels left.
You knew the following spells:

 Your Spells              Type           Power        Failure   Level  Hunger
a - Freeze                Ice            ####         0%          1    None
b - Frozen Ramparts       Ice            ######       1%          3    None
c - Ozocubu's Armour      Chrm/Ice       #####...     1%          3    None
d - Hailstorm             Conj/Ice       ######..     1%          4    None
e - Summon Ice Beast      Ice/Summ       #####...     1%          4    None
f - Freezing Cloud        Conj/Ice/Air   #####.....   12%         6    #####..
g - Orb of Destruction    Conj           ######....   26%         7    #######

Your spell library contained the following spells:

 Spells                   Type           Power        Failure   Level  Hunger
 Magic Dart               Conj           ####         1%          1    None
 Shock                    Conj/Air       ####         1%          1    None
 Searing Ray              Conj           ######       1%          2    None
 Conjure Flame            Conj/Fire      #####...     1%          3    None
 Dazzling Flash           Conj/Hex       #####.       1%          3    None
 Mephitic Cloud           Conj/Pois/Air  ####....     1%          3    None
 Static Discharge         Conj/Air       #####...     1%          3    None
 Ice Form                 Ice/Tmut       #####...     1%          4    None
 Animate Skeleton         Necr           N/A          2%          1    None
 Apportation              Tloc           ##....       2%          1    None
 Corona                   Hex            ##.....      2%          1    None
 Infusion                 Chrm           ##..         2%          1    None
 Summon Small Mammal      Summ           ##..         2%          1    None
 Fulminant Prism          Conj/Hex       #####.....   2%          4    None
 Iskenderun's Mystic Bla  Conj/Tloc      #####...     2%          4    None
 Call Imp                 Summ           ##......     3%          2    None
 Poisonous Vapours        Pois/Air       ##....       3%          2    None
 Shroud of Golubria       Chrm/Tloc      ##....       3%          2    None
 Song of Slaying          Chrm           ##......     3%          2    None
 Swiftness                Chrm/Air       ##......     3%          2    None
 Call Canine Familiar     Summ           ##......     6%          3    None
 Confusing Touch          Hex            ##......     6%          3    None
 Gell's Gravitas          Tloc           ##........   6%          3    None
 Spectral Weapon          Hex/Chrm       ##......     6%          3    None
 Summon Guardian Golem    Hex/Summ       ##......     6%          3    None
 Tukima's Dance           Hex            ##......     6%          3    None
 Fireball                 Conj/Fire      #####.....   7%          5    ####...
 Lightning Bolt           Conj/Air       #####.....   7%          5    ####...
 Airstrike                Air            ##........   21%         4    None
 Summon Lightning Spire   Summ/Air       ##......     21%         4    None
 Starburst                Conj/Fire      #####.....   34%         6    #####..
 Excruciating Wounds      Chrm/Necr      ##........   47%         5    ####...
 Darkness                 Hex            ##........   95%         6    #####..
 Absolute Zero            Ice            ######....   99%         9    #######
 Ring of Flames           Chrm/Fire      ##........   100%        7    #######
 Chain Lightning          Conj/Air       #####.....   100%        8    #######
 Fire Storm               Conj/Fire      #####.....   100%        9    #######


Dungeon Overview and Level Annotations

Branches:
Dungeon (14/15)            Temple (1/1) D:4            Lair (6/6) D:11
 Shoals (0/4) Lair:4        Snake (0/4) Lair:3        Slime (0/5) Lair:5
    Orc (2/2) D:9             Elf (0/3) Orc:2
 Vaults: D:13-14

Altars:
Ashenzari
Cheibriados
Dithmenos
Elyvilon
Fedhas
Gozag
Hepliaklqana
Kikubaaqudgha
Makhleb
Nemelex Xobeh
Okawaru
Qazlal
Ru
Sif Muna
Trog
Uskayaw
Vehumet
Wu Jian
Xom
Yredelemnul
Zin
The Shining One
Beogh

Shops:
D:6 *   D:7 }   D:8 =   D:9 (   D:12 *   D:13 =?:%}   Orc:1 [   Orc:2 %[(%

Annotations:
D:12 exclusion: oklob plant
Orc:2 2 runed translucent doors, exclusion: orange crystal statue
Abyss:1 Maggie


Message History

a +2 battleaxe of electrocution; a +0 plate armour; a hippogriff skeleton You feel sick.
The wall freezes the meliai.
The meliai mumbles some strange prayers to its god against you.
Something smites you!
* * * LOW HITPOINT WARNING * * *
The wall freezes the meliai.
The meliai mumbles some strange prayers to its god against you.
Something smites you!
* * * LOW HITPOINT WARNING * * *
The meliai buzzes angrily.
Things that are here:
a +0 battleaxe; a +0 chain mail; a human corpse
Okay, then.
You fade into invisibility!
You feel sick.
The wall freezes the meliai. x2
The meliai calls upon its god to heal the meliai.
The meliai is healed somewhat.
The wall freezes the meliai. x2
The meliai invokes the aid of its god against you.
Something smites you!
You die...

##.....##....#######
#............##....#
##.....##....##(...#
#....(##....##....#
#.................#
#.................#
#...........#######
#########..## ##
##@# .... #)#
.....###.######.
.......รท........
.....##y.y....## ...
##..y..## . ##...##
#'## ..


You could see 3 meliai.

Vanquished Creatures
  Jorgrun (Orc:1)
  Louise (D:14)
  A dire elephant (Lair:6)
  A yaktaur captain (D:9)
  A fire dragon (D:14)
  6 hydras
  2 vault guards (D:14)
  2 catoblepae
  Erolcha (Orc:1)
  Erica (D:11)
  A death knight (D:13)
  A centaur warrior (D:13)
  3 death yaks (Lair:6)
  A tengu warrior (D:13)
  4 two-headed ogres
  Sonja (D:13)
  A skeletal warrior (D:13)
  4 unseen horrors
  6 lindwurms
  5 orc knights (Orc:2)
  Pikel (D:6)
  The ghost of Azyl the Thaumaturge, a novice DECj of Vehumet (D:6)
  A deep elf mage (D:13)
  4 cyclopes
  3 manticores
  An ugly thing (D:13)
  3 black mambas
  5 elephants (Lair:6)
  2 molten gargoyles (Lair:5)
  A gargoyle (D:10)
  11 spiny frogs
  A freezing wraith (D:13)
  2 rime drakes
  A polar bear (Lair:4)
  4 trolls
  9 komodo dragons
  Prince Ribbit (D:8)
  2 hornets (D:9)
  12 blink frogs
  11 hippogriffs
  16 dream sheep
  4 slime creatures (D:13)
  A wraith (D:13)
  A shadow (D:13)
  2 spriggans (Lair:4)
  9 yaks
  5 wyverns
  A nameless horror (D:9)
  A hungry ghost (D:13)
  4 basilisks
  A human (shapeshifter) (D:13)
  7 nagas (Lair:3)
  7 wargs
  2 acid dragons
  21 water moccasins
  5 porcupines
  Duvessa (D:6)
  4 sky beasts
  8 black bears
  An eye of draining (D:8)
  2 ice beasts
  A hornet zombie (D:9)
  33 orc warriors
  10 wolves
  4 boggarts (Lair:6)
  A phantom (D:10)
  12 ogres
  20 centaurs
  15 crocodiles
  Blork the orc (D:6)
  A big kobold (D:10)
  19 bullfrogs
  A wyvern zombie (D:14)
  Dowan (D:5)
  A wyvern skeleton (D:14)
  6 scorpions
  23 killer bees
  An electric eel (Lair:3)
  11 wights
  5 howler monkeys
  5 lava snakes (Lair:5)
  5 crimson imps
  3 bullfrog zombies
  2 quasits
  2 centaur zombies
  2 centaur skeletons
  A jelly (D:8)
  10 orc priests
  14 orc wizards
  Crazy Yiuf (D:3)
  7 hounds
  4 bullfrog skeletons
  7 iguanas
  9 worker ants
  3 hound skeletons
  A worker ant zombie (D:7)
  A howler monkey zombie (D:6)
  11 gnolls
  11 adders
  3 shadow imps
  An adder zombie (D:9)
  2 worms (D:4)
  4 dart slugs
  6 leopard geckos
  77 orcs
  3 ball pythons
  5 bats
  3 giant cockroaches
  9 goblins
  7 hobgoblins
  17 jackals
  7 quokkas
  6 frilled lizards
  A jackal zombie (D:7)
  15 kobolds
  A leopard gecko skeleton (D:4)
  A quokka zombie (D:5)
  7 rats
  6 fungi
  3 plants
672 creatures vanquished.

Vanquished Creatures (collateral kills)
  A hydra (Lair:5)
  An orc knight (Orc:2)
  2 ugly things
  An elephant (Lair:6)
  A cyclops (Orc:1)
  A manticore (D:12)
  A gargoyle (D:11)
  A torpor snail (Lair:6)
  A rime drake (Lair:6)
  A komodo dragon (Lair:5)
  A hippogriff (D:12)
  A dream sheep (Lair:6)
  A wraith (D:13)
  3 yaks (Lair:1)
  A wyvern (D:11)
  A basilisk (Lair:5)
  A hungry ghost (D:10)
  A porcupine (Lair:5)
  4 orc warriors (Orc:2)
  An ice beast (D:13)
  A wyvern skeleton (D:12)
  An orc priest (Orc:1)
  A bullfrog skeleton (D:10)
  An orc (Orc:2)
30 creatures vanquished.

Vanquished Creatures (others)
  A blink frog (Lair:5)
  A basilisk (Lair:5)
  A porcupine (Lair:5)
  3 slaves (D:6)
  A hound (D:6)
  An orc wizard (Orc:1)
  A howler monkey skeleton (D:6)
  A leopard gecko (D:6)
  10 fungi
  17 plants
37 creatures vanquished.

Grand Total: 739 creatures vanquished

Notes
Turn   | Place    | Note
-------+----------+-------------------------------------------
     0 | D:1      | DerDa the Merfolk Ice Elementalist began the quest for the
                  | Orb.
     0 | D:1      | Reached XP level 1. HP: 13/13 MP: 3/3
   237 | D:1      | Reached XP level 2. HP: 19/19 MP: 0/5
  1179 | D:2      | Found a bloodstained altar of Trog.
  1259 | D:2      | Reached XP level 3. HP: 24/24 MP: 2/6
  1264 | D:2      | Learned a level 3 spell: Frozen Ramparts
  1268 | D:2      | Learned a level 3 spell: Ozocubu's Armour
  1566 | D:2      | Reached skill level 5 in Ice Magic
  1999 | D:2      | Reached XP level 4. HP: 29/30 MP: 5/8
  2048 | D:2      | Found a glowing golden altar of the Shining One.
  2049 | D:2      | Found an opulent altar of Gozag.
  2236 | D:3      | Noticed a black bear
  2268 | D:3      | Killed a black bear
  2268 | D:3      | Reached XP level 5. HP: 21/35 MP: 1/10
  2502 | D:3      | Found a faded altar of an unknown god.
  2654 | D:3      | Learned a level 4 spell: Hailstorm
  3034 | D:3      | Reached skill level 6 in Ice Magic
  3034 | D:3      | Reached XP level 6. HP: 34/41 MP: 6/11
  3163 | D:3      | Found an opulent altar of Gozag.
  3305 | D:3      | Found a white marble altar of Elyvilon.
  3715 | D:3      | Found a runed translucent door.
  3716 | D:3      | Noticed Crazy Yiuf
  3739 | D:3      | Killed Crazy Yiuf
  3914 | D:4      | Found a staircase to the Ecumenical Temple.
  3933 | Temple   | Entered the Ecumenical Temple
  4169 | Temple   | Became a worshipper of Sif Muna the Loreminder
  4885 | D:4      | Reached XP level 7. HP: 42/47 MP: 13/13
  5165 | D:5      | Entered Level 5 of the Dungeon
  5181 | D:4      | Reached skill level 1 in Fighting
  5181 | D:4      | Reached skill level 1 in Conjurations
  5181 | D:4      | Reached skill level 1 in Invocations
  5250 | D:5      | Reached * piety under Sif Muna
  5524 | D:5      | Reached skill level 5 in Dodging
  5776 | D:6      | Noticed Dowan
  5783 | D:6      | Noticed Maggie
  5787 | D:6      | Noticed Pikel
  5797 | D:6      | Noticed Duvessa
  5800 | D:6      | Reached XP level 8. HP: 45/56 MP: 10/15
  5824 | D:6      | Reached skill level 7 in Ice Magic
  5826 | D:6      | Killed Duvessa
  5826 | D:6      | Reached skill level 5 in Spellcasting
  5857 | D:6      | Killed Pikel
  5917 | D:6      | Reached XP level 9. HP: 32/63 MP: 0/17
  5929 | D:6      | Found Istruc's General Store.
  5933 | D:6      | Bought a scroll of identify for 24 gold pieces
  5952 | D:6      | Found a runed translucent door.
  5960 | D:6      | Noticed Azyl's ghost (novice DECj)
  5968 | D:6      | Learned a level 4 spell: Summon Ice Beast
  5970 | D:6      | Noticed Blork the orc
  6208 | D:5      | Killed Dowan
  6238 | D:6      | Reached skill level 8 in Ice Magic
  6254 | D:6      | Killed Azyl's ghost
  6289 | D:6      | Reached ** piety under Sif Muna
  6296 | D:6      | Killed Blork the orc
  6929 | D:6      | Banished Maggie
  7758 | D:7      | Reached XP level 10. HP: 71/71 MP: 20/20
  7790 | D:7      | Reached skill level 9 in Ice Magic
  7806 | D:7      | Reached skill level 1 in Polearms
  8028 | D:7      | Found Siaxtov's Gadget Boutique.
  8178 | D:7      | Reached *** piety under Sif Muna
  8388 | D:7      | Reached skill level 5 in Conjurations
  8689 | D:8      | Found Feczet's Jewellery Shop.
  8699 | D:8      | Noticed a two-headed ogre
  8721 | D:8      | Killed a two-headed ogre
  9217 | D:8      | Reached skill level 5 in Invocations
  9316 | D:8      | Noticed Prince Ribbit
  9325 | D:8      | Killed Prince Ribbit
  9325 | D:8      | Reached skill level 5 in Fighting
  9432 | D:8      | Noticed a two-headed ogre
  9452 | D:8      | Killed a two-headed ogre
  9452 | D:8      | Reached XP level 11. HP: 20/79 MP: 22/22
 10112 | D:9      | Reached skill level 10 in Ice Magic
 10177 | D:9      | Noticed a yaktaur captain
 10464 | D:9      | Killed a yaktaur captain
 10676 | D:9      | Found a staircase to the Orcish Mines.
 10708 | D:9      | Noticed an unseen horror
 10714 | D:9      | Killed an unseen horror
 10941 | D:9      | Reached skill level 5 in Polearms
 11046 | D:9      | Found a snail-covered altar of Cheibriados.
 11048 | D:9      | Found a shimmering altar of Xom.
 11146 | D:9      | Found Goumytsu's Antique Weapon Emporium.
 11773 | D:10     | Entered Level 10 of the Dungeon
 12007 | D:10     | Reached **** piety under Sif Muna
 12240 | D:10     | Noticed a cyclops
 12367 | D:10     | Noticed an unseen horror
 12374 | D:10     | Killed an unseen horror
 12525 | D:10     | Killed a cyclops
 13028 | D:11     | Noticed a green ugly thing
 13037 | D:11     | Killed a green ugly thing
 13037 | D:11     | Reached XP level 12. HP: 88/88 MP: 22/24
 13466 | D:11     | Noticed Erica
 13485 | D:11     | Killed Erica
 13485 | D:11     | Reached skill level 11 in Ice Magic
 13696 | D:11     | Noticed a two-headed ogre
 13710 | D:11     | Killed a two-headed ogre
 13943 | D:11     | Noticed a two-headed ogre
 13952 | D:11     | Killed a two-headed ogre
 14179 | D:11     | Found a staircase to the Lair.
 14941 | D:9      | Bought a steaming demon trident for 600 gold pieces
 14941 | D:9      | Identified the cursed +2 demon trident of Abuse {pain,
                  | SInv} (You bought it in a shop on level 9 of the Dungeon)
 15036 | Lair:1   | Entered Level 1 of the Lair of Beasts
 15137 | Lair:1   | Noticed a five-headed hydra
 15184 | Lair:1   | Killed a five-headed hydra
 16074 | Lair:1   | Reached ***** piety under Sif Muna
 16236 | Lair:1   | Identified Sif Muna's Grimoire of the Excruciating Voyage
                  | (Sif Muna gifted it to you on level 1 of the Lair of
                  | Beasts)
 16236 | Lair:1   | Received a gift from Sif Muna
 16437 | Lair:1   | Found the +8 whip "Snakebite" {curare, rPois}
 16612 | Lair:1   | Reached XP level 13. HP: 96/96 MP: 26/26
 17605 | Lair:2   | Reached skill level 12 in Ice Magic
 18115 | Lair:3   | Reached skill level 10 in Dodging
 18421 | Lair:3   | Reached skill level 10 in Spellcasting
 18858 | Lair:3   | Found a staircase to the Snake Pit.
 20454 | Lair:4   | Found a staircase to the Shoals.
 21138 | Lair:5   | Received a gift from Sif Muna
 21538 | Lair:5   | Reached skill level 1 in Shields
 22491 | Lair:5   | Found a staircase to the Slime Pits.
 22507 | Lair:5   | Reached XP level 14. HP: 105/105 MP: 27/28
 23561 | Lair:6   | Entered Level 6 of the Lair of Beasts
 23708 | Lair:6   | Identified the Guide on Evil Execration
 24424 | Lair:6   | Noticed a dire elephant
 25511 | Lair:6   | Reached skill level 1 in Evocations
 25662 | Lair:6   | Reached skill level 13 in Ice Magic
 25921 | Lair:6   | Killed a dire elephant
 26819 | Lair:6   | Got a bloodstained quarterstaff
 26820 | Lair:6   | Identified the +3 quarterstaff "Foha" {antimagic, rC+} (You
                  | found it on level 6 of the Lair of Beasts)
 27071 | Orc:1    | Entered Level 1 of the Orcish Mines
 27401 | Orc:1    | Found Sohis's Antique Armour Shop.
 27416 | Orc:1    | Noticed Jorgrun
 27441 | Orc:1    | Noticed Erolcha
 27443 | Orc:1    | HP: 5/106 [Jorgrun/+0 vorpal quarterstaff (13)]
 27826 | Orc:1    | Killed Erolcha
 27835 | Orc:1    | Killed Jorgrun
 28090 | Orc:1    | Bought a smoking helmet for 266 gold pieces
 28108 | Orc:1    | Found a burning altar of Makhleb.
 28119 | Orc:1    | Identified the -6 helmet of the Wild Haggis {rC+ Int+4
                  | Dex-4 SInv} (You bought it in a shop on level 1 of the
                  | Orcish Mines)
 28441 | Orc:2    | Entered Level 2 of the Orcish Mines
 28449 | Orc:2    | Learned a level 6 spell: Freezing Cloud
 28457 | Orc:2    | Learned a level 7 spell: Orb of Destruction
 28585 | Orc:2    | Found a runed translucent door.
 28592 | Orc:2    | Found the +10 tower shield of Ignorance {rN+ Int-4}
 28605 | Orc:2    | Found a runed translucent door.
 29069 | Orc:2    | Found a staircase to the Elven Halls.
 29466 | Orc:2    | Found Akoigin's Food Boutique.
 29476 | Orc:2    | Reached XP level 15. HP: 29/112 MP: 22/30
 29484 | Orc:2    | Reached skill level 10 in Polearms
 29588 | Orc:2    | Found Teova's Armour Emporium.
 29899 | Orc:2    | Received a gift from Sif Muna
 29915 | Orc:2    | Found a roughly hewn altar of Beogh.
 30104 | Orc:2    | Found Cyced's Weapon Boutique.
 30104 | Orc:2    | Found Palyumuo's Food Emporium.
 31719 | D:12     | Found Humaos's General Store.
 31736 | D:12     | Bought a scroll of teleportation for 33 gold pieces
 31736 | D:12     | Bought a scroll of identify for 22 gold pieces
 32242 | D:12     | Found a shimmering altar of Xom.
 32321 | D:13     | Found Teitui's Gadget Shop.
 32534 | D:13     | Found Xycyar's Food Shop.
 33610 | D:13     | Reached skill level 10 in Conjurations
 34493 | D:13     | Found Buaroji's Magic Scroll Shoppe.
 34530 | D:13     | Noticed Sonja
 34534 | D:13     | Killed Sonja
 34701 | D:13     | Bought a scroll of acquirement for 728 gold pieces
 34701 | D:13     | Identified the +0 hat "Qootos" {*Drain Str+9 Dex+2 Slay+3}
                  | (You acquired it on level 13 of the Dungeon)
 34766 | D:13     | Found Toleeh Ileph's Book Boutique.
 35359 | D:13     | Identified Sif Muna's Disquisition on Freezing Conjuration
                  | (Sif Muna gifted it to you on level 13 of the Dungeon)
 35359 | D:13     | Received a gift from Sif Muna
 35562 | D:13     | Found Ohaw's Jewellery Shop.
 35641 | D:14     | Noticed Louise
 35656 | D:14     | Killed Louise
 35922 | D:14     | Killed from afar by a meliai

Illustrated notes

Levels and vault maps discovered:
D:1:      giann_wishing_wells, layout_loops_ring, minmay_misc_feat_five,
          chequers_hall_statues_y, minmay_heptomino_w4
D:2:      layout_loops_cross, nicolae_overflow_hidden_temple,
          gammafunk_temple_overflow_pools, kennysheep_crisscross, st_stairs_6
D:3:      layout_loops_ring, lemuel_crystal_altar,
          chequers_ecumenical_altar_simple, first_ration, small_statue_alley_b,
          grunt_gozag_breadcrumbs, uniq_crazy_yiuf_cottage
D:4:      layout_loops_corners, minmay_temple_entry_drinking_statues
D:5:      layout_rooms
D:6:      layout_cave_pods, serial_shops, shop_statue, ebering_ghost_sewer_d,
          portal_sewer_entry_e, uniq_maggie, uniq_duvessa, uniq_blork_the_orc,
          uniq_pikel
D:7:      layout_cave_pods, serial_shops, nicolae_shop_crystal
D:8:      layout_rooms, serial_shops, shop, grunt_ogre_cave, uniq_prince_ribbit1
D:9:      layout_basic, orc_0_dummy, serial_shops,
          nicolae_shop_overgrown_old_shop, jmf_multi_god_temple
D:10:     layout_rooms, st_stairs_6, nrook_mini_vaults, nrook_uturn
D:11:     layout_grid_maze, grunt_lair_entry_orc_guard_hut,
          corexii_leaking_fountain, uniq_erica
D:12:     layout_irregular_city, serial_shops, shop_coins, lemuel_oklob_altar
D:13:     layout_stronghold, serial_shops, shop, nicolae_shop_stone, shop, shop,
          kennysheep_mini_moat, due_unseen_surprise, uniq_sonja
D:14:     layout_stronghold, lightli_vaults_fourway_checkpoint,
          minmay_fountain_box, uniq_louise
Temple:   dpeg_five_rooms_temple
Lair:1:   minmay_guarded_unrand_snakebite, layout_regular_city,
          lemuel_fruit_fields, infiniplex_staircase_pool, lemuel_fruit_fields
Lair:2:   layout_chaotic_city
Lair:3:   beast_lair_carwin_large_2, layout_chaotic_city,
          minmay_snake_entry_guardpost_large, serial_bayou_pond_c,
          wad_woods_road_03, grunt_forest_small_clearings, st_stairs_12,
          minmay_lindwurm_lava
Lair:4:   layout_cave_shapes, minmay_shoals_entry_beasts, forest_entry_grove,
          serial_bayou_shore_b, serial_bayou_shore_b
Lair:5:   cheibrodos_magma_flow, layout_small_grid, slime_dummy,
          lookout_lair_type, lemuel_old_faithful
Lair:6:   hangedman_lair_in_review, layout_small_grid, kilobyte_rumbling_trees
Orc:1:    layout_diamond_mine, serial_shops, nicolae_shop_window_shopping,
          bloody_makhleb, uniq_jorgrun, uniq_erolcha
Orc:2:    st_orc_town, layout_diamond_mine, chequers_guarded_unrand_ignorance

Skill      XL: |  1  2  3  4  5  6  7  8  9 10 11 12 13 14 15 |
---------------+----------------------------------------------+-----
Dodging        | 3 4 5 6 7 8 9 10 11 | 11.8
Ice Magic      | 5 6 7 8 9 10 11 12 13 | 13.9
Spellcasting   | 3 4 5 6 7 8 9 10 11 | 11.6
Fighting       | 2 3 4 5 6 7 8 9 |  9.2
Conjurations   | 2 3 4 5 6 7 8 9 10 | 10.2
Invocations    | 2 3 4 5 6 7 8 9 |  9.4
Polearms       | 3 5 7 8 9 10 | 10.6
Shields        | 2 4 |  4.0
Evocations     | 2 3 |  3.5
Stealth        | |  2.1

Action                   |  1- 3 |  4- 6 |  7- 9 | 10-12 | 13-15 || total
-------------------------+-------+-------+-------+-------+-------++-------
Melee: Unarmed           |     5 |       |       |       |       ||     5
       Club              |    16 |       |       |       |       ||    16
       Whip              |    16 |    49 |       |       |       ||    65
       Quarterstaff      |       |    13 |    80 |       |       ||    93
       Halberd           |       |       |     5 |   334 |   308 ||   647
       Tailslap          |       |       |     2 |       |       ||     2
       Demon trident     |       |       |       |    81 |   476 ||   557
Throw: Dart              |       |       |     1 |    20 |    11 ||    32
 Cast: Freeze            |    47 |    63 |    33 |    22 |    46 ||   211
       Frozen Ramparts   |       |     9 |    16 |    60 |    95 ||   180
       Hailstorm         |       |     1 |     5 |    13 |   140 ||   159
       Summon Ice Beast  |       |       |     1 |    18 |    65 ||    84
       Freezing Cloud    |       |       |       |       |    15 ||    15
Invok: Channel Magic     |       |       |       |       |     1 ||     1
 Abil: Evoke Flight      |       |       |       |       |     2 ||     2
  Use: Scroll            |       |       |    10 |     8 |    14 ||    32
       Potion            |       |       |     8 |     1 |     3 ||    12
 Stab: Sleeping          |     1 |     1 |     9 |     4 |     3 ||    18
       Distracted        |       |       |       |     1 |     3 ||     4
  Eat: Chunk             |     4 |    10 |    10 |    33 |    74 ||   131
       Ration            |       |       |       |     1 |       ||     1
Armor: Robe              |    15 |    29 |    31 |    67 |   115 ||   257
Dodge: Dodged            |    50 |    95 |   141 |   386 |   609 ||  1281
Block: Buckler           |       |       |       |       |    75 ||    75

Table legend:
 A = Non-vault XP
 B = Vault XP
 C = Vault XP percentage of total XP
 D = Non-vault monster count
 E = Vault monster count
 F = Vault count percentage of total count
                 A         B        C        D         E       F
            +---------+---------+-------+---------+---------+-------
      Total |   69522 |   44178 |  38.9 |     523 |     172 |  24.7
            +---------+---------+-------+---------+---------+-------
        D:1 |      21 |       7 |  25.0 |      12 |       4 |  25.0
        D:2 |      56 |       0 |   0.0 |      22 |       0 |   0.0
        D:3 |     279 |      40 |  12.5 |      37 |       1 |   2.6
        D:4 |     336 |       0 |   0.0 |      25 |       0 |   0.0
        D:5 |     516 |      78 |  13.1 |      17 |       1 |   5.6
        D:6 |    1308 |    1784 |  57.7 |      24 |       7 |  22.6
        D:7 |    1450 |       0 |   0.0 |      29 |       0 |   0.0
        D:8 |    3582 |     401 |  10.1 |      26 |       2 |   7.1
        D:9 |    3788 |    1488 |  28.2 |      35 |       4 |  10.3
       D:10 |    2861 |     115 |   3.9 |      22 |       1 |   4.3
       D:11 |    5143 |    1544 |  23.1 |      32 |       6 |  15.8
       D:12 |    2789 |       0 |   0.0 |      24 |       0 |   0.0
       D:13 |   13092 |     795 |   5.7 |      62 |       1 |   1.6
       D:14 |    1247 |    4725 |  79.1 |       2 |       9 |  81.8
     Lair:1 |    5957 |    1567 |  20.8 |      20 |      11 |  35.5
     Lair:2 |    4398 |       0 |   0.0 |      14 |       0 |   0.0
     Lair:3 |    3712 |    5067 |  57.7 |      17 |      18 |  51.4
     Lair:4 |     495 |    2038 |  80.5 |       5 |       9 |  64.3
     Lair:5 |    9010 |    2042 |  18.5 |      36 |       8 |  18.2
     Lair:6 |    6604 |   10963 |  62.4 |      22 |      28 |  56.0
      Orc:1 |    1959 |    4024 |  67.3 |      26 |       2 |   7.1
      Orc:2 |     919 |    7500 |  89.1 |      14 |      60 |  81.1
            +---------+---------+-------+---------+---------+-------
